 Dungeon Crawl Stone Soup version 0.30.0-16-gbe6223bb7e (webtiles) character file.

Game seed: 1170377646470398160

3214 NateTC the Slicer (level 10, -1/65 HPs)
             Began as a Kobold Fighter on May 20, 2023.
             Was an Initiate of Gozag.
             Slain by Erica
             ... wielding a +4 scimitar of flaming
              (4 damage)
             ... on level 8 of the Dungeon.
             The game lasted 00:19:31 (7813 turns).

NateTC the Slicer (Kobold Fighter)                  Turns: 7813, Time: 00:19:32

Health: -1/65      AC: 14    Str: 23    XL:     10   Next: 17%
Magic:  10/10      EV:  8    Int: 11    God:    Gozag
Gold:   906        SH:  6    Dex: 16    Spells: 9/9 levels left

rFire   . . .        e - +2 short sword (drain)
rCold   . . .        c - +0 buckler
rNeg    + . .        w - +0 plate armour
rPois   +            y - +0 helmet
rElec   .            (no cloak)
rCorr   .            k - +0 pair of gloves
SInv    +            (no boots)
Will    .....        (no amulet) Stlth
                     b - +6 ring of strength
HPRegen 0.30/turn    v - ring "Zyggent" {Fly rPois rN+ Dex+2 SInv}
MPRegen 0.12/turn

%: no passive effects
@: flying
A: small, no large weapons, nightstalker 3
a: Renounce Religion, Potion Petition, Call Merchant, Bribe Branch


You were on level 8 of the Dungeon.
You worshipped Gozag.
Gozag was pleased with you.
You visited 1 branch of the dungeon, and saw 8 of its levels.

You collected 973 gold pieces.
You paid 67 gold pieces to Gozag.

Inventory:

Hand Weapons
 a - a +1 rapier
 e - a +2 short sword of draining (weapon)
Armour
 c - a +0 buckler (worn)
 k - a +0 pair of gloves (worn)
 l - a +0 chain mail
 w - a +0 plate armour (worn)
 y - a +0 helmet (worn)
Jewellery
 b - a +6 ring of strength (left hand)
 f - a +6 ring of dexterity
 m - a ring of willpower
 t - an amulet of magic regeneration
 v - the ring "Zyggent" (right hand) {Fly rPois rN+ Dex+2 SInv}
   (You acquired it on level 7 of the Dungeon)

   [ring of flight]

   Dex:       It affects your dexterity (+2).
   rPois:     It protects you from poison.
   rN:        It protects you from negative energy.
   SInv:      It lets you see invisible.
   Fly:       It grants you flight.
 D - a ring of willpower
Wands
 j - a wand of digging (3)
 q - a wand of roots (24)
Scrolls
 h - 4 scrolls of torment
 p - 2 scrolls of silence
 r - 4 scrolls of teleportation
 z - a scroll of amnesia
 A - a scroll of fog {unknown}
 C - a scroll of identify
Potions
 d - 2 potions of curing
 g - 3 potions of berserk rage
 i - a potion of attraction
 n - 4 potions of might
 o - a potion of degeneration {unknown}
 s - 2 potions of heal wounds
 u - a potion of mutation {unknown}
 x - 2 potions of invisibility {unknown}
 B - a potion of resistance {unknown}


   Skills:
 - Level 8.9 Fighting
 - Level 10.0 Short Blades
 * Level 5.3 Armour
 * Level 6.0 Shields


You had 9 spell levels left.
You didn't know any spells.
Your spell library contained the following spells:

 Spells                   Type           Power      Damage    Failure   Level
 Ensorcelled Hibernation  Hex/Ice        0%         N/A       100%        2
 Passwall                 Tmut/Erth      0%         N/A       100%        2
 Sublimation of Blood     Necr           0%         N/A       100%        2
 Wereblood                Tmut           0%         N/A       100%        2
 Ozocubu's Armour         Ice            0%         N/A       100%        3
 Swiftness                Air            0%         N/A       100%        3
 Metabolic Englaciation   Hex/Ice        0%         N/A       100%        5
 Summon Hydra             Summ           0%         N/A       100%        7
 Simulacrum               Ice/Necr       Unusable   N/A       N/A         6

Dungeon Overview and Level Annotations

Branches:
Dungeon (8/15) Zot: 26489  Temple (0/1) D:5
   Lair: D:8-11

Altars:
Dithmenos
Gozag
Hepliaklqana
Makhleb
Nemelex Xobeh
Vehumet
Wu Jian
Zin
The Shining One

Shops:
D:3 *   D:5 ((

Annotations:
D:8 Erica


Innate Abilities, Weirdness & Mutations

You are small and have problems with some larger weapons.
You are completely attuned to the shadows.


Message History

Erica is almost dead.
Erica casts a spell at you. The bolt of poison misses you.
You closely miss Erica.
Erica is almost dead.
You barely miss Erica.
Erica is almost dead.
You block Erica's attack.
You closely miss Erica.
Erica is almost dead.
You block Erica's attack.
You closely miss Erica.
Erica is almost dead.
You barely miss Erica.
Erica is almost dead.
Erica hits you with a +4 scimitar of flaming.
Erica burns you.
You closely miss Erica.
Erica is almost dead.
You hit Erica.
Erica is almost dead.
Erica hits you with a +4 scimitar of flaming!
Erica burns you.
You hit Erica.
Erica is almost dead.
You barely miss Erica.
Erica is almost dead.
Erica hits you with a +4 scimitar of flaming!
* * * LOW HITPOINT WARNING * * *
Erica burns you.
* * * LOW HITPOINT WARNING * * *
You barely miss Erica.
Erica is almost dead.
You hit Erica.
Erica is almost dead.
Erica hits you with a +4 scimitar of flaming!
* * * LOW HITPOINT WARNING * * *
Erica burns you.
You die...
Your body crumbles into a pile of gold.

#.#.###...#######
#.#.............#.#
#.#.######........#.###
........:.........:#....
##########.........#..#
#.........§§..
#.........#.#
#.......§#§§§
#####.....@.#.#.#
#..........@.§§._.§
#.###..#######§#§#.
#)#....# #§ #.#.#.##
#.....# ##.#.### #..#.#
#####.##.#


You could see Erica (invisible, very drained).

Vanquished Creatures
  A manticore (D:7)
  A hornet (D:7)
  Sigmund (D:2)
  2 water moccasins
  5 ice beasts
  2 sky beasts
  An orc warrior (D:7)
  2 ogres
  A black bear (D:5)
  A centaur (D:7)
  3 bullfrogs
  A scorpion (D:6)
  4 killer bees (D:7)
  A jelly (D:6)
  A gnoll bouda (D:6)
  5 orc priests
  A hound (D:6)
  3 sleepcaps
  3 iguanas
  5 orc wizards
  5 gnolls (D:6)
  8 adders
  2 white imps
  2 worms
  5 dart slugs
  24 orcs
  8 endoplasms
  2 giant cockroaches
  4 goblins
  7 hobgoblins
  9 kobolds
  5 quokkas
  10 ball pythons
  8 bats
  4 frilled lizards
  3 rats
150 creatures vanquished.

Notes
Turn   | Place    | Note
-------+----------+-------------------------------------------
     0 | D:1      | NateTC the Kobold Fighter began the quest for the Orb.
     0 | D:1      | Reached XP level 1. HP: 14/14 MP: 1/1
    77 | D:1      | Reached skill level 3 in Short Blades
   108 | D:1      | Reached XP level 2. HP: 18/19 MP: 2/2
   629 | D:1      | Reached XP level 3. HP: 24/24 MP: 3/3
   654 | D:1      | Reached skill level 4 in Short Blades
  1142 | D:2      | Noticed Sigmund
  1149 | D:2      | Killed Sigmund
  1150 | D:2      | Reached skill level 6 in Short Blades
  1150 | D:2      | Reached XP level 4. HP: 30/30 MP: 4/4
  1150 | D:2      | Reached XP level 5. HP: 34/34 MP: 5/5
  1150 | D:2      | Reached XP level 6. HP: 40/40 MP: 6/6
  1479 | D:2      | Identified the +1 robe "Nyonuuru" {Harm +Inv MP+9 Dex-4}
  1745 | D:3      | Found Lawkeaz's General Store.
  1886 | D:3      | Noticed a water moccasin
  1896 | D:3      | Killed a water moccasin
  1897 | D:3      | Reached skill level 7 in Short Blades
  1990 | D:3      | Reached XP level 7. HP: 39/44 MP: 7/7
  2142 | D:3      | Found a glowing golden altar of the Shining One.
  2595 | D:4      | Found an opulent altar of Gozag.
  2613 | D:4      | Became a worshipper of Gozag Ym Sagoz the Greedy
  2647 | D:4      | Reached skill level 8 in Short Blades
  3163 | D:4      | Reached XP level 8. HP: 46/48 MP: 8/8
  3452 | D:5      | Entered Level 5 of the Dungeon
  3457 | D:5      | Found a staircase to the Ecumenical Temple.
  3529 | D:5      | Found Ycsuut's Hydra Hut.
  3871 | D:5      | Noticed a four-headed hydra
  4034 | D:5      | Found Dizix's Weapon Emporium.
  4111 | D:5      | Found a burning altar of Makhleb.
  4114 | D:5      | Found a glowing silver altar of Zin.
  4114 | D:5      | Noticed a blizzard demon
  4114 | D:5      | Noticed an angel
  4442 | D:5      | Reached skill level 5 in Fighting
  4989 | D:6      | Reached skill level 9 in Short Blades
  5310 | D:6      | Reached XP level 9. HP: 34/55 MP: 9/9
  5537 | D:6      | Found an ornate altar of the Wu Jian Council.
  5868 | D:7      | Reached skill level 10 in Short Blades
  6106 | D:7      | Found a sparkling altar of Nemelex Xobeh.
  6473 | D:7      | Found a hazy altar of Hepliaklqana.
  6473 | D:7      | Found a radiant altar of Vehumet.
  6684 | D:7      | Noticed a manticore
  6693 | D:7      | Killed a manticore
  6694 | D:7      | Reached skill level 5 in Shields
  7217 | D:7      | Identified a scroll of acquirement
  7217 | D:7      | Acquired the ring "Zyggent" {Fly rPois rN+ Dex+2 SInv}
  7634 | D:7      | Reached XP level 10. HP: 64/65 MP: 10/10
  7648 | D:8      | Found a shadowy altar of Dithmenos.
  7683 | D:8      | Noticed Erica
  7714 | D:7      | Reached skill level 5 in Armour
  7813 | D:8      | HP: 3/65 [Erica/+4 scimitar of flaming (14)]
  7813 | D:8      | Slain by Erica

Illustrated notes

Levels and vault maps discovered:
D:1:      evilmike_arrival_fibonacci_small, layout_basic, minmay_hedge_maze,
          minmay_tromino_i2
D:2:      layout_rooms, roderic_nine_men_s_morris, amcnicky_mini_pool_small,
          uniq_sigmund
D:3:      layout_loops_ring, tso_altar, serial_shops, shop,
          kennysheep_generic_room_16
D:4:      layout_loops_ring, nicolae_gozag_seed_capital
D:5:      wander_river, layout_cave_pods,
          grunt_temple_overflow_order_and_chaos_2, minmay_temple_entry_mist,
          serial_shops, nicolae_diamond_shop, doesnt_shop_hydraphobe
D:6:      layout_loops_ring, nzn_wu_jian_contemplation
D:7:      layout_basic, mainiacjoe_overflow_surrounded_room,
          nicolae_overflow_two_pavilions, kennysheep_nondescript
D:8:      layout_loops_ring, mainiacjoe_overflow_six_doors_small,
          grunt_dithmenos_smoke_and_mirrors, trog_three_pillars_becter,
          uniq_erica

Skill      XL: |  1  2  3  4  5  6  7  8  9 10 |
---------------+-------------------------------+-----
Short Blades   | 3 6 7 8 9 10 | 10.0
Fighting       | 4 5 8 |  8.9
Armour         | 3 4 5 |  5.3
Shields        | 3 4 5 6 |  6.0

Action                     |  1- 3 |  4- 6 |  7- 9 | 10-12 || total
---------------------------+-------+-------+-------+-------++-------
  Melee: Short sword       |    68 |    46 |   524 |    75 ||   713
         Rapier            |     4 |       |       |       ||     4
    Use: Scroll            |     4 |     3 |     8 |       ||    15
         Potion            |     1 |       |     1 |       ||     2
   Stab: Sleeping          |     2 |       |       |       ||     2
         Distracted        |       |       |       |     1 ||     1
 Armour: Scale mail        |    26 |       |       |       ||    26
         Chain mail        |    15 |    17 |   123 |       ||   155
         Plate armour      |       |       |    41 |    46 ||    87
  Dodge: Dodged            |    25 |    11 |   157 |    20 ||   213
  Block: Buckler           |    18 |     4 |    87 |    20 ||   129
